[Event "Titled Tuesday Blitz July 25 Late 2023"]
[White "Alboredo, Julia"]
[Black "Xiong, Jeffery"]
[WhiteFideId "2124807"]
[BlackFideId "2047640"]
[WhiteElo "2483"]
[BlackElo "2977"]
[Result "0-1"]
[Round "1"]
[TimeControl "180+2"]
[Date "2023.07.25"]
[WhiteClock "0:00:08"]
[BlackClock "0:01:28"]
[Board "25"]

1. e4 c5 2. Nf3 d6 3. Nc3 Nf6 4. e5 dxe5 5. Nxe5 a6 6. g3 b5 7. Bg2 Ra7 8. O-O Bb7 9. Bxb7 Rxb7 10. Qf3 Qc8 11. a4 e6 12. axb5 axb5 13. d3 Be7 14. Bf4 O-O 15. Rfe1 Nfd7 16. Ra8 Nxe5 17. Bxe5 Qd7 18. Qg4 g6 19. Qf4 Nc6 20. Rxf8+ Kxf8 21. Qh6+ Ke8 22. Qxh7 Nxe5 23. Qh8+ Bf8 24. Qxe5 Qd4 25. Qxd4 cxd4 26. Ne4 Rc7 27. Re2 Be7 28. f4 Ra7 29. Re1 Ra2 30. Rb1 Kd7 31. Kf2 Kc6 32. Ke2 Kd5 33. Kd2 Bb4+ 34. c3 dxc3+ 35. Nxc3+ Kc6 36. Kc2 Ra8 37. h4 Bc5 38. Ne4 Bd4 39. Rh1 Ra2 40. Rb1 Ra8 41. Kb3 Kd5 42. Nc3+ Kc6 43. Rh1 e5 44. fxe5 Bxe5 45. g4 Rh8 46. h5 f5 47. gxf5 Rxh5 48. Re1 Rxf5 49. Ne4 Rf3 50. Rc1+ Kb6 51. Kc2 Rh3 52. Rg1 Rh2+ 53. Kd1 Rxb2 54. Rxg6+ Ka5 55. Re6 Bd4 56. Nd6 Kb4 57. Re8 Kc3 58. Rc8+ Kxd3 59. Nxb5 Rxb5 60. Rc1 Rh5 0-1


[Site "https://www.chess.com"]

[Event "Titled Tuesday Blitz July 25 Late 2023"]
[White "Anton Guijarro, David"]
[Black "marik_spb"]
[WhiteFideId "2285525"]
[WhiteElo "2977"]
[BlackElo "2483"]
[Result "1-0"]
[Round "1"]
[TimeControl "180+2"]
[Date "2023.07.25"]
[WhiteClock "0:01:33"]
[BlackClock "0:00:07"]
[Board "26"]

1. d4 Nf6 2. Nf3 e6 3. Bg5 d5 4. Nbd2 Be7 5. e3 O-O 6. Bd3 b6 7. Ne5 Bb7 8. Bxf6 Bxf6 9. f4 c5 10. c3 Ba6 11. Bxa6 Nxa6 12. Ndf3 b5 13. Qd3 Bxe5 14. fxe5 c4 15. Qc2 b4 16. h4 bxc3 17. Ng5 g6 18. bxc3 Rb8 19. O-O Qb6 20. Rf2 f5 21. exf6 e5 22. Raf1 e4 23. Qd1 Nc7 24. Qg4 Qd6 25. h5 Rb6 26. Nxh7 Qd7 27. Qxg6+ Kh8 28. Nxf8 1-0


[Site "https://www.chess.com"]

[Event "Titled Tuesday Blitz July 25 Late 2023"]
[White "slidingknight2775"]
[Black "Kollars, Dmitrij"]
[BlackFideId "12909572"]
[WhiteElo "2482"]
[BlackElo "2976"]
[Result "0-1"]
[Round "1"]
[TimeControl "180+2"]
[Date "2023.07.25"]
[WhiteClock "0:00:00"]
[BlackClock "0:00:38"]
[Board "27"]

1. Nf3 Nf6 2. g3 g6 3. Bg2 Bg7 4. O-O O-O 5. c4 d5 6. cxd5 Nxd5 7. Nc3 Nc6 8. Nxd5 Qxd5 9. d3 Qh5 10. Rb1 a5 11. a3 a4 12. Be3 Bh3 13. b3 Bxg2 14. Kxg2 axb3 15. Qxb3 Na5 16. Qc2 Rfc8 17. a4 Qd5 18. Rb5 Qd7 19. Bd2 b6 20. Bxa5 Rxa5 21. Rxa5 bxa5 22. Rc1 c5 23. Rb1 Qc6 24. Rb5 g5 25. Qc4 h5 26. h3 Bd4 27. Rxa5 g4 28. hxg4 hxg4 29. Ra6 gxf3+ 30. exf3 Qb7 31. Rg6+ Kf8 32. Rg4 Qb2 33. Qd5 Qxf2+ 34. Kh3 Qf1+ 35. Kh4 Bf6+ 36. Kh5 Qh3+ 37. Rh4 Bxh4 38. gxh4 Qe6 0-1


[Site "https://www.chess.com"]

[Event "Titled Tuesday Blitz July 25 Late 2023"]
[White "Indjic, Aleksandar"]
[Black "Michalczak, Thomas"]
[WhiteFideId "911925"]
[BlackFideId "4622634"]
[WhiteElo "2974"]
[BlackElo "2480"]
[Result "1-0"]
[Round "1"]
[TimeControl "180+2"]
[Date "2023.07.25"]
[WhiteClock "0:01:25"]
[BlackClock "0:00:10"]
[Board "28"]

1. d4 Nf6 2. Nf3 e6 3. Bg5 d5 4. Nbd2 c5 5. e4 h6 6. Bxf6 Qxf6 7. Bb5+ Bd7 8. Bxd7+ Nxd7 9. exd5 exd5 10. O-O Be7 11. dxc5 Nxc5 12. Nb3 O-O-O 13. c3 Ne4 14. Qd4 Qxd4 15. Nfxd4 Bf6 16. Rad1 Bxd4 17. Rxd4 Nf6 18. Rfd1 b6 19. Kf1 Rhe8 20. Nc1 Kc7 21. f3 Rd7 22. Ne2 Red8 23. Kf2 Kc6 24. g4 g6 25. h4 Ne8 26. Rf4 Nc7 27. Rf6+ Kc5 28. a4 Ne6 29. Nd4 Nxd4 30. Rxd4 a5 31. h5 Rg8 32. Rdf4 gxh5 33. b4+ 1-0


[Site "https://www.chess.com"]

[Event "Titled Tuesday Blitz July 25 Late 2023"]
[White "Papayan, Oleg"]
[Black "Matlakov, Maxim"]
[WhiteFideId "4193911"]
[BlackFideId "4168003"]
[WhiteElo "2479"]
[BlackElo "2973"]
[Result "0-1"]
[Round "1"]
[TimeControl "180+2"]
[Date "2023.07.25"]
[WhiteClock "0:00:00"]
[BlackClock "0:00:47"]
[Board "29"]

1. e4 c6 2. Nc3 d5 3. Nf3 dxe4 4. Nxe4 Nf6 5. Qe2 Nxe4 6. Qxe4 Qa5 7. b4 Qf5 8. Qe3 Qe6 9. Bb2 Qxe3+ 10. fxe3 f6 11. d4 Bf5 12. O-O-O e6 13. a3 Nd7 14. Bd3 a5 15. Bxf5 exf5 16. bxa5 Rxa5 17. Rd3 Bd6 18. c4 Kf7 19. c5 Bc7 20. Kc2 Rha8 21. Nd2 Ra4 22. Rb3 b5 23. cxb6 Nxb6 24. Rc1 Nd5 25. Kd3 Re8 26. Rxc6 Rxe3+ 27. Kc2 Bxh2 28. Rc5 Re2 29. Rxd5 Rxg2 30. Rxf5 Rc4+ 31. Rc3 Rxd4 32. Rc7+ Bxc7 33. Bxd4 Kg6 34. Rf3 h5 35. a4 h4 36. Bc3 Kh5 37. a5 Kg4 38. Rf1 h3 39. a6 Bb6 40. Kd3 h2 41. Rh1 Rg3+ 42. Kc4 Kh3 43. Bd4 Bxd4 44. Kxd4 Ra3 45. Nf1 Kg2 46. Rxh2+ Kxf1 47. Rh7 g5 48. a7 Kg2 49. Ke4 Ra5 50. Rf7 Kg3 51. Rxf6 Rxa7 52. Kf5 g4 53. Rb6 Rf7+ 54. Ke4 Kh3 55. Rh6+ Kg2 56. Ke3 g3 57. Rg6 Kh2 58. Rh6+ Kg1 59. Ra6 g2 60. Ra1+ Kh2 0-1


[Site "https://www.chess.com"]

[Event "Titled Tuesday Blitz July 25 Late 2023"]
[White "Svane, Rasmus"]
[Black "PerAsperaAdAstraCB"]
[WhiteFideId "4657101"]
[WhiteElo "2973"]
[BlackElo "2479"]
[Result "1-0"]
[Round "1"]
[TimeControl "180+2"]
[Date "2023.07.25"]
[WhiteClock "0:00:59"]
[BlackClock "0:00:11"]
[Board "30"]

1. Nf3 d5 2. g3 c6 3. Bg2 Nf6 4. O-O Bf5 5. c4 e6 6. Qb3 Qb6 7. d3 Nbd7 8. cxd5 exd5 9. Qc2 Be7 10. Nc3 O-O 11. e4 Bg6 12. Nh4 d4 13. Nb1 Qa6 14. h3 Nc5 15. Rd1 Nfd7 16. Nxg6 hxg6 17. f4 Rfd8 18. Bf1 b5 19. Nd2 Rac8 20. Nf3 Nb6 21. b3 Ne6 22. f5 gxf5 23. exf5 Nf8 24. Bd2 c5 25. Re1 Bd6 26. g4 Qb7 27. Bg2 Qc7 28. Re4 Nd5 29. Rf1 Re8 30. Qc1 Nd7 31. Rxe8+ Rxe8 32. Nxd4 cxd4 33. Bxd5 Qb6 34. Qc6 Qxc6 35. Bxc6 Re7 36. Re1 Rxe1+ 37. Bxe1 Nc5 38. Bxb5 a6 39. Bc4 Kf8 40. b4 Na4 41. Bxa6 1-0


[Site "https://www.chess.com"]

[Event "Titled Tuesday Blitz July 25 Late 2023"]
[White "Spichkin, Alexander"]
[Black "Tari, Aryan"]
[WhiteFideId "4144074"]
[BlackFideId "1510045"]
[WhiteElo "2478"]
[BlackElo "2941"]
[Result "0-1"]
[Round "1"]
[TimeControl "180+2"]
[Date "2023.07.25"]
[WhiteClock "0:01:20"]
[BlackClock "0:01:43"]
[Board "31"]

1. f4 b6 2. Nf3 Bb7 3. e3 g6 4. Be2 Bg7 5. O-O c5 6. d3 d6 7. Nc3 e6 8. e4 Ne7 9. Qe1 Nbc6 10. Qh4 Qd7 11. a4 a6 12. Be3 Nd4 13. Bd1 h6 14. Rb1 Rc8 15. Qf2 Nec6 16. Ne2 Nxf3+ 17. Qxf3 O-O 18. f5 exf5 19. exf5 Nd4 20. Qh3 Nxf5 21. Ng3 Bxg2 22. Qxg2 Nxe3 23. Qf3 Nxf1 24. Qxf1 Rce8 25. Ne4 d5 26. Nc3 Bd4+ 27. Kh1 Kg7 28. Bf3 Bxc3 29. bxc3 Qd6 30. Qg2 d4 31. c4 Re3 32. Be4 f5 33. Bd5 Rfe8 34. Rg1 Re1 35. Bf3 Rxg1+ 36. Kxg1 Qf4 0-1


[Site "https://www.chess.com"]

[Event "Titled Tuesday Blitz July 25 Late 2023"]
[White "Santos, Marcus Vinicius Moreira"]
[Black "Sjugirov, Sanan"]
[WhiteFideId "2103125"]
[BlackFideId "4189302"]
[WhiteElo "2473"]
[BlackElo "2926"]
[Result "0-1"]
[Round "1"]
[TimeControl "180+2"]
[Date "2023.07.25"]
[WhiteClock "0:00:30"]
[BlackClock "0:01:37"]
[Board "33"]

1. d4 Nf6 2. c4 e6 3. Nc3 Bb4 4. e3 Bxc3+ 5. bxc3 b6 6. Bd3 Bb7 7. f3 d6 8. Ne2 Nfd7 9. O-O Nc6 10. e4 Qe7 11. Be3 h5 12. f4 g6 13. Qd2 Na5 14. f5 gxf5 15. exf5 Rg8 16. Rf2 O-O-O 17. Nf4 e5 18. Nd5 Qh4 19. Kh1 Kb8 20. Raf1 Nf6 21. Nxf6 Qxf6 22. Qe2 Rg4 23. h3 Rg3 24. d5 Rdg8 25. Kh2 Qh4 26. Rf3 Rxg2+ 27. Qxg2 Rxg2+ 28. Kxg2 e4 0-1


[Site "https://www.chess.com"]

[Event "Titled Tuesday Blitz July 25 Late 2023"]
[White "Ibarra Jerez, Jose Carlos"]
[Black "Gulamali, Kazim"]
[WhiteFideId "2226332"]
[BlackFideId "2024764"]
[WhiteElo "2912"]
[BlackElo "2470"]
[Result "1-0"]
[Round "1"]
[TimeControl "180+2"]
[Date "2023.07.25"]
[WhiteClock "0:00:17"]
[BlackClock "0:00:09"]
[Board "34"]

1. e4 e5 2. Nf3 Nc6 3. Bb5 a6 4. Bxc6 dxc6 5. O-O f6 6. d4 exd4 7. Nxd4 c5 8. Nb3 Qxd1 9. Rxd1 b6 10. Bf4 Ra7 11. Nc3 Be6 12. Nd5 Bxd5 13. Rxd5 Ne7 14. Rd2 Ng6 15. Bg3 h5 16. Rad1 Be7 17. h4 Ne5 18. Bxe5 fxe5 19. Rd7 Rh6 20. R7d5 Rd6 21. g3 Ra8 22. Nc1 Rad8 23. Rxd6 Rxd6 24. Rxd6 cxd6 25. Ne2 Kd7 26. Nc3 b5 27. Kg2 Ke6 28. Nd5 Bd8 29. f4 g6 30. Kf3 exf4 31. Nxf4+ Kf6 32. b3 c4 33. bxc4 bxc4 34. c3 Ba5 35. Ke3 g5 36. Nd5+ Kg6 37. Kd4 gxh4 38. gxh4 Bd8 39. Nf4+ Kh6 40. Ng2 Bf6+ 41. Kxc4 Kg6 42. Kd3 Kf7 43. Nf4 Bxh4 44. Nxh5 Ke6 45. Nf4+ Kd7 46. Kc4 Bf6 47. Ne2 Kc6 48. Nd4+ Kd7 49. Kd5 Be5 50. c4 Bf6 51. Nf5 Be5 52. c5 Bf4 53. cxd6 1-0


[Site "https://www.chess.com"]

[Event "Titled Tuesday Blitz July 25 Late 2023"]
[White "Dinu, Dumitru-Daniel"]
[Black "demon64fields"]
[WhiteFideId "1208403"]
[WhiteElo "2470"]
[BlackElo "2903"]
[Result "0-1"]
[Round "1"]
[TimeControl "180+2"]
[Date "2023.07.25"]
[WhiteClock "0:00:04"]
[BlackClock "0:01:33"]
[Board "35"]

1. d4 g6 2. c4 Bg7 3. Nc3 c5 4. Nf3 cxd4 5. Nxd4 Nc6 6. Nxc6 dxc6 7. Qxd8+ Kxd8 8. Bd2 Kc7 9. O-O-O e5 10. h4 Nh6 11. f3 Nf5 12. g4 Ng3 13. Rg1 Nxf1 14. Rdxf1 Be6 15. b3 h5 16. g5 Rad8 17. Ne4 b6 18. Bc3 Bf5 19. Rd1 Bxe4 20. Rxd8 Rxd8 21. fxe4 Kd7 22. Kd2 Ke6+ 23. Ke3 Bf8 24. Kf3 Bc5 25. Rf1 Be7 26. Ke3 f6 27. gxf6 Bxf6 28. Be1 Rd1 29. Rg1 Bxh4 30. Rxg6+ Kf7 31. Rxc6 Bxe1 32. Rc7+ Kg6 33. Rxa7 h4 34. Ra8 h3 35. Rh8 Rc1 36. Kf3 Rc3+ 37. Kg4 Rg3+ 38. Kh4 h2 39. Rg8+ Kf7 0-1


[Site "https://www.chess.com"]

[Event "Titled Tuesday Blitz July 25 Late 2023"]
[White "Czarnota, Pawel"]
[Black "ExchangeAB"]
[WhiteFideId "1121219"]
[WhiteElo "2898"]
[BlackElo "2466"]
[Result "1-0"]
[Round "1"]
[TimeControl "180+2"]
[Date "2023.07.25"]
[WhiteClock "0:01:29"]
[BlackClock "0:00:23"]
[Board "36"]

1. e4 c6 2. d4 d5 3. e5 Bf5 4. Nf3 e6 5. Be2 Ne7 6. O-O h6 7. Nbd2 Nd7 8. Nb3 g5 9. a4 Bg7 10. a5 Qc7 11. Ne1 c5 12. c3 c4 13. Nd2 O-O-O 14. b3 cxb3 15. Qxb3 f6 16. Ba3 Nb8 17. Bd6 Rxd6 18. exd6 Qxd6 19. Nd3 Na6 20. Rab1 Qc7 21. Rb2 Nc6 22. Rfb1 Nxa5 23. Qa4 b6 24. Nb3 Qc4 25. Nb4 Qxe2 26. Rxe2 Bxb1 27. Nxa5 Nxb4 28. cxb4 bxa5 29. Qc6+ Kd8 30. Qd6+ 1-0


[Site "https://www.chess.com"]

[Event "Titled Tuesday Blitz July 25 Late 2023"]
[White "szachmistrz2500"]
[Black "Maksimovic, Bojan"]
[BlackFideId "14408120"]
[WhiteElo "2464"]
[BlackElo "2892"]
[Result "0-1"]
[Round "1"]
[TimeControl "180+2"]
[Date "2023.07.25"]
[WhiteClock "0:00:57"]
[BlackClock "0:01:48"]
[Board "37"]

1. Nf3 Nf6 2. g3 g6 3. Bg2 Bg7 4. O-O O-O 5. d3 d6 6. e4 e5 7. Nbd2 Nbd7 8. Nc4 b6 9. a4 a6 10. h3 Bb7 11. Be3 Re8 12. c3 a5 13. Qc2 h6 14. Nfd2 Nh5 15. Bf3 Ndf6 16. Kg2 g5 17. Qd1 Nf4+ 18. gxf4 gxf4 19. Kh2 Bc8 20. Rg1 Kh8 21. Bxb6 cxb6 22. Bg4 Nxg4+ 23. hxg4 Qh4+ 24. Kg2 Bxg4 25. Rh1 Qg5 26. Nf3 Qg6 27. Kf1 d5 28. Ncd2 dxe4 29. dxe4 Rad8 30. Qe2 Rxd2 31. Qxd2 Bxf3 32. Rg1 Qxe4 0-1


[Site "https://www.chess.com"]

[Event "Titled Tuesday Blitz July 25 Late 2023"]
[White "Grigoriants, Sergey"]
[Black "Grossboss19"]
[WhiteFideId "4130804"]
[WhiteElo "2891"]
[BlackElo "2462"]
[Result "1-0"]
[Round "1"]
[TimeControl "180+2"]
[Date "2023.07.25"]
[WhiteClock "0:00:15"]
[BlackClock "0:00:17"]
[Board "38"]

1. d4 d5 2. c4 c6 3. Nf3 Nf6 4. Nc3 a6 5. Ne5 dxc4 6. Nxc4 b5 7. Ne5 Bb7 8. Bf4 Nbd7 9. e3 e6 10. Be2 Nxe5 11. Bxe5 c5 12. Bf3 Qb6 13. O-O c4 14. a4 b4 15. a5 Qa7 16. Qa4+ Nd7 17. Ne4 Rc8 18. Rac1 Qa8 19. Nd6+ Bxd6 20. Bxb7 Qxb7 21. Bxd6 h5 22. Qxb4 Qxb4 23. Bxb4 h4 24. Rc2 h3 25. Rfc1 hxg2 26. Rxc4 Rb8 27. Bd6 Rd8 28. Kxg2 Rh5 29. b4 Nf6 30. Be5 Nd5 31. b5 axb5 32. Rc8 f6 33. Bg3 Rh8 34. a6 Kd7 35. R8c6 Ra8 36. Rd6+ Ke7 37. Rcc6 Rhc8 38. Rxe6+ Kd7 39. Red6+ Ke7 40. Rxc8 Rxc8 41. Rxd5 b4 42. Rb5 Ra8 43. Rxb4 Rxa6 44. Rb7+ Kf8 45. h4 Kg8 46. h5 Ra1 47. d5 Rd1 48. d6 Rd5 49. e4 Rd4 50. Kf3 Rd3+ 51. Ke2 Rd4 52. Ke3 1-0


[Site "https://www.chess.com"]

[Event "Titled Tuesday Blitz July 25 Late 2023"]
[White "Karas, Marek"]
[Black "Rodrigue-Lemieux, Shawn"]
[WhiteFideId "14928558"]
[BlackFideId "2620049"]
[WhiteElo "2459"]
[BlackElo "2890"]
[Result "0-1"]
[Round "1"]
[TimeControl "180+2"]
[Date "2023.07.25"]
[WhiteClock "0:00:45"]
[BlackClock "0:01:35"]
[Board "39"]

1. d4 g6 2. e4 Bg7 3. Nf3 d6 4. Bc4 e6 5. Qe2 h5 6. Bg5 Qd7 7. Bb5 c6 8. Bd3 Na6 9. c3 Nc7 10. e5 Nh6 11. Nbd2 d5 12. O-O b6 13. b4 a5 14. bxa5 Rxa5 15. Nb3 Ra4 16. Qc2 Ba6 17. Nc1 Bxd3 18. Nxd3 Ra8 19. Nf4 Nf5 20. a4 O-O 21. h3 c5 22. g4 hxg4 23. hxg4 Nh6 24. Bxh6 Bxh6 25. g5 Bg7 26. Nh2 Qe7 27. Nh3 Rfc8 28. Ng4 Ne8 29. Nf6+ Nxf6 30. gxf6 Bxf6 31. exf6 Qxf6 32. Qd3 Qh4 33. Qg3 Qxg3+ 34. fxg3 cxd4 35. cxd4 Rc4 36. Rfb1 Rxd4 37. Rxb6 Raxa4 38. Rf1 Ra3 39. Kg2 Rdd3 40. Ng1 Rxg3+ 41. Kf2 Rg5 42. Ke2 Rg2+ 43. Kd1 Ra1+ 44. Rb1 Rxb1# 0-1


[Site "https://www.chess.com"]

[Event "Titled Tuesday Blitz July 25 Late 2023"]
[White "Lenderman, Aleksandr"]
[Black "Perske, Thore"]
[WhiteFideId "2021285"]
[BlackFideId "12902195"]
[WhiteElo "2882"]
[BlackElo "2458"]
[Result "1-0"]
[Round "1"]
[TimeControl "180+2"]
[Date "2023.07.25"]
[WhiteClock "0:01:08"]
[BlackClock "0:00:07"]
[Board "40"]

1. b3 d5 2. Bb2 Bf5 3. Nf3 e6 4. d3 Nf6 5. Nbd2 Be7 6. g3 h6 7. Bg2 O-O 8. O-O c6 9. Qe1 Bg6 10. Ne5 Bh7 11. e4 Nbd7 12. Nxd7 Nxd7 13. Kh1 a5 14. a3 b5 15. Qe2 Bf6 16. Bxf6 Qxf6 17. f4 Qc3 18. Ra2 Ra7 19. Qf2 Qc5 20. Qxc5 Nxc5 21. f5 exf5 22. exd5 cxd5 23. Bxd5 Re7 24. b4 axb4 25. axb4 Na4 26. Bb3 Re2 27. Nf3 Rd8 28. Raa1 g5 29. Rae1 Rde8 30. Rxe2 Rxe2 31. Nd4 Rd2 32. Nxf5 Bxf5 33. Rxf5 Nc3 34. Rxf7 Kh8 35. Rc7 Ne2 36. g4 Nd4 37. Rf7 Nxb3 38. cxb3 Rxd3 39. Rf5 Rxb3 40. Rxb5 Rb2 41. Rb7 Rb3 42. Kg2 Rc3 43. b5 Rb3 44. b6 Kg8 45. Kf2 Rc3 46. Rc7 Rb3 47. b7 1-0


[Site "https://www.chess.com"]

[Event "Titled Tuesday Blitz July 25 Late 2023"]
[White "Castella Garcia, Fausto"]
[Black "Fressinet, Laurent"]
[WhiteFideId "3501922"]
[BlackFideId "608742"]
[WhiteElo "2452"]
[BlackElo "2881"]
[Result "0-1"]
[Round "1"]
[TimeControl "180+2"]
[Date "2023.07.25"]
[WhiteClock "0:00:56"]
[BlackClock "0:01:24"]
[Board "41"]

1. e4 c5 2. Nf3 d6 3. d4 cxd4 4. Nxd4 Nf6 5. Nc3 Nc6 6. Bg5 e6 7. Qd2 a6 8. O-O-O Bd7 9. f4 Be7 10. Be2 Rc8 11. Kb1 b5 12. Bf3 b4 13. Nce2 Qb6 14. e5 dxe5 15. Nxc6 Bxc6 16. fxe5 Nd5 17. Nd4 Nc3+ 18. Ka1 Bxg5 19. Bxc6+ Rxc6 20. Qxg5 Nxd1 21. Nxc6 Qxc6 22. Qxg7 Qxc2 23. Qxh8+ Kd7 0-1


[Site "https://www.chess.com"]

[Event "Titled Tuesday Blitz July 25 Late 2023"]
[White "Gazik, Viktor"]
[Black "Urbina Perez, Juan Antonio"]
[WhiteFideId "14928752"]
[BlackFideId "2217368"]
[WhiteElo "2879"]
[BlackElo "2452"]
[Result "0-1"]
[Round "1"]
[TimeControl "180+2"]
[Date "2023.07.25"]
[WhiteClock "0:00:00"]
[BlackClock "0:00:05"]
[Board "42"]

1. e4 c5 2. Nc3 Nc6 3. Bb5 Nd4 4. Nf3 a6 5. Bd3 g6 6. Nxd4 cxd4 7. Ne2 Bg7 8. O-O d5 9. c3 dxe4 10. Bxe4 Nf6 11. Bf3 d3 12. Ng3 O-O 13. b3 Re8 14. Re1 e5 15. Bb2 Rb8 16. c4 Qd6 17. Rc1 b6 18. Ne4 Nxe4 19. Bxe4 f5 20. Bd5+ Be6 21. Bxe6+ Rxe6 22. Re3 Bh6 23. Rh3 Bg5 24. Bc3 Rbe8 25. b4 e4 26. Qa4 f4 27. Qxa6 e3 28. c5 Qd5 29. Rf3 exf2+ 30. Rxf2 bxc5 31. Qa7 Bf6 32. Bxf6 Rxf6 33. Qxc5 Qxa2 34. Rcf1 Qf7 35. Qd4 Re2 36. Qd8+ Kg7 37. Qxd3 Rxf2 38. Rxf2 g5 39. h3 Qe6 40. Kh2 Qe5 41. Re2 Qc7 42. Qf3 h5 43. Re4 Kh6 44. Rd4 Qe5 45. Re4 Qf5 46. Rc4 g4 47. hxg4 hxg4 48. Qa8 Qh5+ 49. Kg1 f3 50. Qh8+ Kg6 51. Qe8+ Kh6 52. Qh8+ Kg6 53. Qxh5+ Kxh5 54. gxf3 Rxf3 55. Kg2 Rb3 56. Rd4 Kh4 0-1


[Site "https://www.chess.com"]

[Event "Titled Tuesday Blitz July 25 Late 2023"]
[White "Toncheva, Nadya"]
[Black "Rasulov, Vugar"]
[WhiteFideId "2924056"]
[BlackFideId "13402390"]
[WhiteElo "2451"]
[BlackElo "2875"]
[Result "0-1"]
[Round "1"]
[TimeControl "180+2"]
[Date "2023.07.25"]
[WhiteClock "0:00:00"]
[BlackClock "0:00:17"]
[Board "43"]

1. e4 c6 2. d4 d5 3. Nc3 dxe4 4. Nxe4 Nf6 5. Nxf6+ exf6 6. c3 Bd6 7. Bd3 O-O 8. Ne2 Re8 9. O-O Nd7 10. Ng3 Nf8 11. f4 c5 12. d5 a6 13. f5 Bxg3 14. hxg3 Qxd5 15. Bc2 Qxd1 16. Rxd1 Nd7 17. Bf4 Ne5 18. Re1 Bd7 19. Rad1 Bc6 20. a4 a5 21. Be3 b6 22. Bf4 Kf8 23. Be4 Bxe4 24. Rxe4 Ra7 25. Rd5 Rae7 26. Rd6 Rb7 27. Rd5 b5 28. axb5 Rxb5 29. Bxe5 fxe5 30. Rexe5 Rxe5 31. Rxe5 f6 32. Rd5 a4 33. c4 Rxb2 34. Rxc5 Ke7 35. Ra5 Rb4 36. c5 Kd7 37. Ra7+ Kc6 38. Rxg7 Kxc5 39. Rxh7 Rb5 40. Ra7 Kb4 41. g4 a3 42. g5 Rxf5 0-1


[Site "https://www.chess.com"]

[Event "Titled Tuesday Blitz July 25 Late 2023"]
[White "Zhigalko, Sergei"]
[Black "Bobkov, Vadim"]
[WhiteFideId "13502956"]
[BlackFideId "34110876"]
[WhiteElo "2874"]
[BlackElo "2450"]
[Result "1-0"]
[Round "1"]
[TimeControl "180+2"]
[Date "2023.07.25"]
[WhiteClock "0:00:23"]
[BlackClock "0:00:08"]
[Board "44"]

1. e4 c5 2. Nf3 g6 3. c3 Bg7 4. d4 cxd4 5. cxd4 d5 6. e5 a6 7. h3 Nc6 8. Nc3 f6 9. Bf4 fxe5 10. dxe5 e6 11. Bd3 Nh6 12. O-O O-O 13. Qd2 Nf7 14. Rfe1 Qc7 15. Rac1 Qb8 16. Na4 Nfxe5 17. Nxe5 Nxe5 18. Nb6 Qd6 19. Nxa8 Bd7 20. Bg3 Rxa8 21. Qe2 Nxd3 22. Bxd6 Nxc1 23. Rxc1 Bb5 24. Qxe6+ 1-0


[Site "https://www.chess.com"]

[Event "Titled Tuesday Blitz July 25 Late 2023"]
[White "Kupervaser, Erez"]
[Black "Bacrot, Etienne"]
[WhiteFideId "2814587"]
[BlackFideId "605506"]
[WhiteElo "2450"]
[BlackElo "2872"]
[Result "0-1"]
[Round "1"]
[TimeControl "180+2"]
[Date "2023.07.25"]
[WhiteClock "0:00:21"]
[BlackClock "0:00:36"]
[Board "45"]

1. e4 c5 2. Nf3 d6 3. d4 cxd4 4. Nxd4 Nf6 5. Nc3 Nc6 6. Bc4 Qb6 7. Nb3 e6 8. Be3 Qc7 9. f4 a6 10. Be2 b5 11. a3 Bb7 12. O-O Be7 13. Bf3 O-O 14. Qe1 Nd7 15. Rd1 Nb6 16. Nd2 Bf6 17. Qf2 Bxc3 18. Bxb6 Qxb6 19. Qxb6 Bd4+ 20. Qxd4 Nxd4 21. c3 Nxf3+ 22. Rxf3 Rfd8 23. Rd3 Kf8 24. Kf2 Ke7 25. Ke3 d5 26. e5 a5 27. b4 axb4 28. axb4 d4+ 29. Rxd4 Bxg2 30. Rg1 Rxd4 31. cxd4 Ra3+ 32. Ke2 Bd5 33. Rxg7 Rh3 34. Nf1 Bc4+ 35. Kf2 Bxf1 36. Kxf1 Rxh2 37. Rg2 Rh1+ 38. Ke2 h5 39. Kd3 h4 40. Rg4 h3 41. Rh4 h2 42. Kc2 Ra1 0-1


[Site "https://www.chess.com"]

[Event "Titled Tuesday Blitz July 25 Late 2023"]
[White "Dardha, Daniel"]
[Black "Kirillov, Dmitry"]
[WhiteFideId "240990"]
[BlackFideId "34180572"]
[WhiteElo "2869"]
[BlackElo "2449"]
[Result "1-0"]
[Round "1"]
[TimeControl "180+2"]
[Date "2023.07.25"]
[WhiteClock "0:00:39"]
[BlackClock "0:00:00"]
[Board "46"]

1. d4 Nf6 2. Bg5 c5 3. dxc5 Qa5+ 4. Nd2 Qxc5 5. Bxf6 gxf6 6. Ngf3 f5 7. e4 fxe4 8. Nxe4 Qb4+ 9. Nfd2 d5 10. c3 Qxb2 11. Ng5 Qxc3 12. Rc1 Qe5+ 13. Be2 Nc6 14. Ndf3 Qd6 15. O-O h6 16. Nxf7 Kxf7 17. Nh4 Bg7 18. Bh5+ Kg8 19. Re1 Bd7 20. Ng6 Rh7 21. Qf3 Be8 22. Qg4 Bxg6 23. Bxg6 e5 24. Qf5 Rf8 25. Bxh7+ Kh8 26. Qd3 Qf6 27. Re2 e4 28. Qxd5 Kxh7 29. Qxe4+ Qf5 30. Rb1 Nd4 31. Qxf5+ Rxf5 32. Re7 b5 33. Rxa7 Kg6 34. Ra6+ Kg5 35. g3 Bf6 36. Rd1 Ne2+ 37. Kg2 Nc3 38. Rdd6 Ne4 39. f4+ Kg4 40. Rdc6 Rd5 41. Rc2 Rd1 42. Ra5 Bd4 43. h3+ Kf5 44. Rxb5+ Ke6 45. Kf3 Nc3 46. Rb3 1-0


[Site "https://www.chess.com"]

[Event "Titled Tuesday Blitz July 25 Late 2023"]
[White "Rangel, Daniel"]
[Black "Nguyen, Ngoc Truong Son"]
[WhiteFideId "2124475"]
[BlackFideId "12401110"]
[WhiteElo "2448"]
[BlackElo "2863"]
[Result "0-1"]
[Round "1"]
[TimeControl "180+2"]
[Date "2023.07.25"]
[WhiteClock "0:00:12"]
[BlackClock "0:02:10"]
[Board "47"]

1. c4 e6 2. g3 d5 3. Bg2 Nf6 4. Nf3 dxc4 5. Qa4+ Bd7 6. Qxc4 c5 7. O-O Bc6 8. b3 Nbd7 9. Bb2 Be7 10. d3 O-O 11. Nbd2 a5 12. a4 h6 13. e4 Nb8 14. Ne5 Nfd7 15. Nxc6 Nxc6 16. Nf3 Bf6 17. Bxf6 Qxf6 18. Rac1 Rfd8 19. Rfd1 Rab8 20. d4 cxd4 21. Nxd4 Nde5 22. Nxc6 Rxd1+ 23. Rxd1 Nxc4 24. Nxb8 Nb2 25. Rd2 h5 26. Rc2 Nd3 27. Rc8+ Kh7 28. Nd7 Qxf2+ 0-1


[Site "https://www.chess.com"]

[Event "Titled Tuesday Blitz July 25 Late 2023"]
[White "Erdogmus, Yagiz Kaan"]
[Black "Ismayil, Malak"]
[WhiteFideId "44599790"]
[BlackFideId "13412604"]
[WhiteElo "2863"]
[BlackElo "2444"]
[Result "1-0"]
[Round "1"]
[TimeControl "180+2"]
[Date "2023.07.25"]
[WhiteClock "0:00:16"]
[BlackClock "0:00:00"]
[Board "48"]

1. e4 e5 2. Nf3 Nc6 3. Bc4 Bc5 4. c3 Nf6 5. d4 exd4 6. cxd4 Bb4+ 7. Nbd2 Nxe4 8. d5 Ne7 9. O-O Nxd2 10. Bxd2 Bxd2 11. d6 cxd6 12. Qxd2 O-O 13. Qxd6 Nf5 14. Qf4 d5 15. Rad1 Ne7 16. Bb3 Be6 17. Nd4 Bd7 18. Rfe1 Ng6 19. Qg3 Bc6 20. f4 Qf6 21. f5 Ne7 22. Qf4 Rfe8 23. g3 Rad8 24. Re5 Nc8 25. Rde1 Rxe5 26. Rxe5 Nb6 27. g4 Nc4 28. Re2 Qh4 29. Nf3 Qf6 30. g5 Qd6 31. Qd4 Qd7 32. Bc2 Nd6 33. Ne5 Qc8 34. f6 Ne4 35. fxg7 Qf5 36. Bxe4 Qxg5+ 37. Bg2 Qc1+ 38. Kf2 Bb5 39. Qe3 Qc7 40. Rd2 Re8 41. Rxd5 Bc6 42. Rc5 Qd6 43. Bxc6 bxc6 44. b4 Qf6+ 45. Ke2 Re6 46. b5 cxb5 47. Rxb5 Qe7 48. Kf2 f6 49. Rb8+ Kxg7 50. Qg3+ Kh6 51. Ng4+ Kg5 52. Ne3+ Kh6 53. Nf5+ Kh5 54. Nxe7 1-0


[Site "https://www.chess.com"]